 Seeded DCSS version 0.28-a0-1002-gf00fe891ef (webtiles) character file.

Game seed: 319261683642729223 (custom seed)

403 croobank the Chopper (level 6, -7/79 HPs)
             Began as a Hill Orc Fighter on Dec 6, 2021.
             Mangled by Duvessa (15 damage)
             ... on level 4 of the Dungeon.
             The game lasted 00:16:12 (3258 turns).

croobank the Chopper (Hill Orc Fighter)             Turns: 3258, Time: 00:16:12

Health: -7/79      AC:  7    Str: 19    XL:     6   Next: 86%
Magic:  0/6        EV: 10    Int: 10    God:
Gold:   173        SH:  4    Dex: 10    Spells: 5/5 levels left

rFire   . . .      SeeInvis .   a - +0 war axe
rCold   . . .      Faith    .   c - +0 buckler
rNeg    . . .      Spirit   +   b - +0 scale mail
rPois   .          Reflect  .   (no helmet)
rElec   .          Harm     .   (no cloak)
rCorr   .          Rampage  .   (no gloves)
Will    .....                   (no boots)
Stlth   ..........              q - amulet of guardian spirit
HPRegen 0.23/turn               (no ring)
MPRegen 0.10/turn               (no ring)

@: berserking (expiring), very quick
A: no striking features
a: no special abilities


You were on level 4 of the Dungeon.
You visited 1 branch of the dungeon, and saw 4 of its levels.

You collected 173 gold pieces.

Inventory:

Hand Weapons
 a - a +0 war axe (weapon)
 f - a +0 short sword
 m - a +1 vampiric falchion
Missiles
 k - 135 stones (quivered)
 l - 23 arrows
Armour
 b - a +0 scale mail (worn)
 c - a +0 buckler (worn)
 d - a +0 chain mail
 n - a +0 plate armour
Jewellery
 q - an amulet of guardian spirit (around neck)
Scrolls
 e - a scroll of vulnerability {vulnerability, unknown}
 h - 5 scrolls of identify {identify, unknown}
Potions
 g - 2 potions of curing
 i - a potion of cancellation {cancellation, unknown}
 j - 2 potions of flight {flight}
 o - a potion of ambrosia {ambrosia, unknown}
 p - 2 potions of heal wounds {heal wounds, unknown}
 r - a potion of berserk rage


   Skills:
 + Level 4.6 Fighting
 + Level 6.4 Axes
 + Level 5.0 Armour
 + Level 1.0 Dodging
 + Level 0.1 Stealth
 + Level 4.1 Shields


You had 5 spell levels left.
You didn't know any spells.
Your spell library contained the following spells:

 Spells                   Type           Power      Damage    Failure   Level
 Apportation              Tloc           0%         N/A       71%         1
 Alistair's Intoxication  Tmut/Pois      0%         N/A       100%        5


Dungeon Overview and Level Annotations

Branches:
Dungeon (4/15)             Temple (0/1) D:4

Altars:

Shops:
D:3 (

Annotations:
D:4 Duvessa


Message History

A red film seems to cover your vision as you go berserk!
You feel yourself moving faster!
You feel mighty! Dowan closely misses you.
Duvessa hits you with a +3 short sword.
You slice Dowan!!
You kill Dowan!
Duvessa screams, "No!
How DARE you!"
Duvessa goes berserk!
You hit Duvessa. Duvessa hits you with a +3 short sword!
Your Dodging skill increases to level 1!
You hit Duvessa but do no damage.
Duvessa is lightly wounded.
Duvessa barely misses you.
You barely miss Duvessa.
Duvessa is lightly wounded.
Duvessa hits you with a +3 short sword. Duvessa hits you with a +3 short sword!
You slash Duvessa!
Duvessa is moderately wounded.
You block Duvessa's attack.
You closely miss Duvessa.
Duvessa is moderately wounded.
Duvessa hits you with a +3 short sword!
Your scale mail prevents you from hitting Duvessa.
Duvessa is moderately wounded.
Duvessa closely misses you.
You closely miss Duvessa.
Duvessa is moderately wounded.
You block Duvessa's attack.
You slash Duvessa!
Duvessa is heavily wounded.
Duvessa hits you with a +3 short sword.
* * * LOW HITPOINT WARNING * * *
You slash Duvessa!
Duvessa is severely wounded.
Duvessa hits you with a +3 short sword.
* * * LOW HITPOINT WARNING * * *
You closely miss Duvessa.
Duvessa is severely wounded.
Duvessa hits you with a +3 short sword!
* * * LOW HITPOINT WARNING * * *
Duvessa hits you with a +3 short sword!
You die...

#. #. #..
#... #..
##..# #.
#...e## ...
#. #)@##
#..#
#.###$.#...#
#.###....#
#.##...###
##.##.#..#
#.....##.##
##..........
#.....##..#.
#.........#
..


You could see Duvessa (berserk).

Vanquished Creatures
  A wyvern zombie (D:4)
  Dowan (D:4)
  An orc priest (D:3)
  3 jellies (D:2)
  2 iguanas
  5 adders
  A worm (D:2)
  2 dart slugs
  4 orcs (D:3)
  6 bats
  13 endoplasms
  2 giant cockroaches (D:1)
  4 hobgoblins
  14 kobolds
  4 quokkas
  A ball python (D:1)
  2 frilled lizards (D:3)
  4 rats
70 creatures vanquished.

Vanquished Creatures (others)
  8 fungi (D:2)
  8 toadstools (D:2)
16 creatures vanquished.

Grand Total: 86 creatures vanquished

Notes
Turn   | Place    | Note
-------+----------+-------------------------------------------
     0 | D:1      | croobank the Hill Orc Fighter began the quest for the Orb.
     0 | D:1      | Reached XP level 1. HP: 19/19 MP: 1/1
    26 | D:1      | Found a faded altar of an unknown god.
   349 | D:1      | Reached skill level 3 in Axes
   349 | D:1      | Reached XP level 2. HP: 26/27 MP: 2/2
   843 | D:2      | Reached XP level 3. HP: 16/33 MP: 3/3
  1410 | D:2      | Reached skill level 4 in Axes
  1410 | D:2      | Reached XP level 4. HP: 16/40 MP: 1/4
  1427 | D:2      | Reached XP level 5. HP: 13/46 MP: 1/5
  2063 | D:3      | Found Ystrisenn's Weapon Shop.
  2162 | D:3      | Reached skill level 5 in Axes
  2657 | D:3      | Reached XP level 6. HP: 44/53 MP: 4/6
  3049 | D:4      | Reached skill level 6 in Axes
  3204 | D:4      | Found a staircase to the Ecumenical Temple.
  3234 | D:4      | Reached skill level 5 in Armour
  3242 | D:4      | Noticed Dowan
  3243 | D:4      | Noticed Duvessa
  3249 | D:4      | Killed Dowan
  3250 | D:4      | Reached skill level 1 in Dodging
  3258 | D:4      | Mangled by Duvessa

Illustrated notes

Levels and vault maps discovered:
D:1:      kennysheep_arrival_seaside, layout_rooms,
          ebering_ecumenical_altar_petrified, minmay_split_cup_large
D:2:      cheibrodos_fertilizer, layout_basic
D:3:      layout_loops_cross, serial_shops, shop_fountains
D:4:      gammafunk_cloud_chamber, layout_rooms,
          nicolae_overflow_hallway_of_the_gods, minmay_temple_entry_mini_moons,
          grunt_ministairs_9, uniq_duvessa

Skill      XL: |  1  2  3  4  5  6 |
---------------+-------------------+-----
Axes           | 3 4 5 6 |  6.4
Armour         | 4 5 |  5.0
Fighting       | 4 |  4.6
Shields        | 4 |  4.1
Dodging        | 1 |  1.0
Stealth        | |  0.1

Action                   |  1- 3 |  4- 6 || total
-------------------------+-------+-------++-------
Melee: War axe           |   144 |   139 ||   283
  Use: Potion            |     2 |     2 ||     4
Armor: Scale mail        |    70 |    51 ||   121
Dodge: Dodged            |    73 |    51 ||   124
Block: Buckler           |    23 |    25 ||    48

Table legend: (Time is in decaauts)
 A = Elapsed time spent in this place.
 B = Non-inter-level travel time spent in this place.
 C = Inter-level travel time spent in this place.
 D = Time resting spent in this place.
 E = Time spent auto-exploring this place.
 F = Levels seen in this place.
 G = Mean time per level.
                   A        B        C        D        E       F      G
               +--------+--------+--------+--------+--------+-----+--------+
         Total |   3344 |   3282 |     62 |    787 |   1672 |   4 |  836.0 |
       Dungeon |   3344 |   3282 |     62 |    787 |   1672 |   4 |  836.0 |
               +--------+--------+--------+--------+--------+-----+--------+

Top non-repeatable levels by time:
     D:2: 1277 daAuts
     D:3: 1005 daAuts
     D:1: 829 daAuts
     D:4: 231 daAuts
